 Dungeon Crawl Stone Soup version 0.25-a0-420-g1cc7eeb0d1 (webtiles) character file.

Game seed: 11557073566373149399, levelgen mode: deterministic

0 MrRokkomies the Ducker (level 1, -8/11 HPs)
             Began as a Spriggan Abyssal Knight on Jan 19, 2020.
             Was a Follower of Lugonu.
             Mangled by a small abomination (10 damage)
             ... on level 2 of the Abyss.
             The game lasted 00:03:30 (360 turns).

MrRokkomies the Ducker (Spriggan Abyssal Knight)     Turns: 360, Time: 00:03:31

Health: -8/11      AC:  2    Str:  8    XL:     1   Next: 0%
Magic:  3/3        EV: 18    Int: 13    God:    Lugonu [*.....]
Gold:   0          SH:  0    Dex: 15    Spells: 0/0 levels left

rFire    . . .     SeeInvis +   a - +1 short sword
rCold    . . .     Gourm    .   (shield restricted)
rNeg     . . .     Faith    .   b - +0 robe
rPois    .         Spirit   .   (helmet restricted)
rElec    .         Reflect  .   (no cloak)
rCorr    .         Harm     .   (gloves unavailable)
MR       .....     Rnd*Rage +   (boots unavailable)
Stlth    +.........             (no amulet)
HPRegen  0.03/turn              (no ring)
MPRegen  0.08/turn              (no ring)

@: very quick
A: very small, unfitting armour, see invisible, [berserk 2], herbivore, speed 3,
slow metabolism 2
a: Depart the Abyss, Renounce Religion


You were on level 2 of the Abyss.
You worshipped Lugonu.
Lugonu was aware of your devotion.
You were not hungry.

You visited 0 branches of the dungeon, and saw 0 of its levels.
You visited the Abyss 1 time.

Inventory:

Hand Weapons
 a - a +1 short sword (weapon)
Armour
 b - a +0 robe (worn)
Scrolls
 d - a scroll of random uselessness {unknown}
 e - a scroll of enchant armour {unknown}
Comestibles
 c - a ration


   Skills:
 + Level 2.4 Fighting
 + Level 2.1 Short Blades
 + Level 3.5 Dodging
 + Level 1.7 Invocations


You couldn't memorise any spells.
You didn't know any spells.
Your spell library contained the following spells:

 Spells                   Type           Power        Failure   Level  Hunger
 Sandblast                Erth           #.....       30%         1    ##.....
 Passwall                 Tmut/Erth      #.......     43%         2    ###....
 Stone Arrow              Conj/Erth      #.....       67%         3    ####...
 Petrify                  Tmut/Erth      #.......     97%         4    #####..
 Lee's Rapid Deconstruct  Erth           #.........   100%        5    ######.


Dungeon Overview and Level Annotations

Branches:
Dungeon (0/15)

Altars:


Innate Abilities, Weirdness & Mutations

You are very small and have problems with some larger weapons.
You are too small for most types of armour.
You have supernaturally acute eyesight. (SInv)
You are a herbivore.
You cover ground extremely quickly.
You need to consume almost no food.
[You often lose your temper in combat.]


Message History

A crimson imp comes into view.
An ancient zyme comes into view.
You feel yourself growing ill in the presence of the ancient zyme.
A small abomination comes into view.
A spatial vortex comes into view.
A spatial vortex comes into view.
The spatial maelstrom hits you!
Ouch! That really hurt!
* * * LOW HITPOINT WARNING * * *
You blink.
Found a ration.
A spatial vortex comes into view.
Found a leather armour.
A spatial vortex comes into view.
A tentacled starspawn comes into view.
A small abomination comes into view.
The small abomination closely misses you.
The small abomination hits you!
Ouch! That really hurt!
You die...

..#. #. ##. # ..## #
..# ...## . ## #.#
... .# .## ... #..
####.##.# # v
##.###[.#.#..#4..#.
#......##..# ###.#
#@x##....#.#.## v.
#.#v§.#.##.#...# v.
.......#....##..x#.
##
.#.....#.##.#....##x
#. ##.#...#.#..##
##..#.# #§..#Xv.#..#
#.#.## #
.....%.#...# # .#.#
##..### .##.. #§ # .
... ... ....###


You could see a spatial maelstrom and a small abomination.

Vanquished Creatures (others)
  2 starspawn tentacles (Abyss:2)
2 creatures vanquished.

Notes
Turn   | Place    | Note
-------+----------+-------------------------------------------
     0 | Abyss:1  | MrRokkomies the Spriggan Abyssal Knight began the quest for
                  | the Orb.
     0 | Abyss:1  | Reached XP level 1. HP: 11/11 MP: 3/3
    99 | Abyss:2  | Noticed a lich
   116 | Abyss:2  | Noticed a large abomination
   153 | Abyss:2  | Noticed a small abomination
   199 | Abyss:2  | Noticed an ancient zyme
   199 | Abyss:2  | Noticed a tentacled starspawn
   212 | Abyss:2  | Noticed a small abomination
   229 | Abyss:2  | Noticed a wretched star
   229 | Abyss:2  | Noticed a blizzard demon
   231 | Abyss:2  | Noticed a glowing orange brain
   232 | Abyss:2  | Found an opulent altar of Gozag.
   234 | Abyss:2  | Noticed a rust devil
   249 | Abyss:2  | Noticed a phantasmal warrior
   283 | Abyss:2  | Noticed a small abomination
   286 | Abyss:2  | Noticed a large abomination
   304 | Abyss:2  | Noticed a chaos spawn
   316 | Abyss:2  | Noticed a spatial maelstrom
   321 | Abyss:2  | Noticed a spatial vortex
   322 | Abyss:2  | Noticed a spatial vortex
   325 | Abyss:2  | Noticed a spatial vortex
   326 | Abyss:2  | Noticed a spatial vortex
   330 | Abyss:2  | Noticed a spatial vortex
   331 | Abyss:2  | Noticed a crimson imp
   332 | Abyss:2  | Noticed an ancient zyme
   333 | Abyss:2  | Noticed a small abomination
   339 | Abyss:2  | Noticed a spatial vortex
   341 | Abyss:2  | Noticed a spatial vortex
   352 | Abyss:2  | Noticed a spatial vortex
   357 | Abyss:2  | Noticed a spatial vortex
   357 | Abyss:2  | Noticed a tentacled starspawn
   358 | Abyss:2  | Noticed a small abomination
   360 | Abyss:2  | Mangled by a small abomination

Levels and vault maps discovered:
Abyss:2:  hangedman_decor_peaks_small, evilmike_abyss_exit_plants,
          evilmike_abyss_exit_kraken, hangedman_steaming_rock

Action                   || total
-------------------------++-------
Evoke: Sack of spiders   ||     1
Dodge: Dodged            ||     1

Table legend:
 A = Non-vault XP
 B = Vault XP
 C = Vault XP percentage of total XP
 D = Non-vault monster count
 E = Vault monster count
 F = Vault count percentage of total count
                 A         B        C        D         E       F
            +---------+---------+-------+---------+---------+-------
      Total |       0 |       0 |   N/A |       0 |       0 |  -nan
            +---------+---------+-------+---------+---------+-------
            +---------+---------+-------+---------+---------+-------
